 Dungeon Crawl Stone Soup version 0.21.0-3-g78d12a8 (webtiles) character file.

452 mopl the Sneak (level 7, -3/36 HPs)
             Began as a Tengu Enchanter on Jan 11, 2018.
             Was an Initiate of Dithmenos.
             Killed from afar by an orc wizard (9 damage)
             ... with a puff of frost
             ... on level 4 of the Dungeon.
             The game lasted 00:08:14 (4342 turns).

mopl the Sneak (Tengu Enchanter)                    Turns: 4342, Time: 00:08:15

Health: -3/36      AC:  2    Str:  8    XL:     7   Next: 5%
Magic:  4/12       EV: 13    Int: 16    God:    Dithmenos [......]
Gold:   212        SH:  0    Dex: 16    Spells: 3/12 levels left

rFire    . . .     SeeInvis .   a - +2 dagger (speed)
rCold    . . .     Gourm    .   (no shield)
rNeg     . . .     Faith    .   b - +0 robe
rPois    .         Spirit   .   (helmet restricted)
rElec    .         Reflect  .   (no cloak)
rCorr    .         Harm     .   (no gloves)
MR       .....                  (boots unavailable)
Stlth    +++.......             (no amulet)
HPRegen  0.12/turn              (no ring)
MPRegen  0.13/turn              (no ring)

@: very slightly contaminated
A: beak, talons 3, able to fly 1
a: Fly, Renounce Religion


You were on level 4 of the Dungeon.
You worshipped Dithmenos.
Dithmenos was noncommittal.
You were not hungry.

You visited 1 branch of the dungeon, and saw 4 of its levels.

You collected 212 gold pieces.

Inventory:

Hand Weapons
 a - a +2 dagger of speed (weapon)
 j - a +0 rapier
Missiles
 e - 38 poisoned needles
 s - a throwing net (quivered)
Armour
 b - a +0 robe (worn)
 m - a +1 pair of gloves
Scrolls
 g - 2 scrolls of enchant armour
 h - a scroll of remove curse {unknown}
 n - a scroll of amnesia {unknown}
 r - a scroll of fog {unknown}
 t - 2 scrolls of teleportation {unknown}
 u - a scroll of summoning {unknown}
Potions
 f - a potion of berserk rage {!q}
 k - a potion of agility
 l - 3 potions of brilliance
 o - 2 potions of cancellation
 p - 2 potions of curing
 q - 2 potions of heal wounds
Books
 c - a book of Maledictions

   Spells                             Type                      Level
   a - Corona                         Hexes                        1
   b - Ensorcelled Hibernation        Hexes/Ice                    2
   c - Confuse                        Hexes                        3
   d - Tukima's Dance                 Hexes                        3
   e - Dazzling Spray                 Conjuration/Hexes            3
Comestibles
 d - 5 rations


   Skills:
 + Level 2.8 Short Blades
 - Level 2.1 Dodging
 * Level 5.0 Stealth
 + Level 3.1 Spellcasting
 * Level 3.6 Hexes
 + Level 1.9 Ice Magic
 + Level 0.7 Invocations


You had 3 spell levels left.
You knew the following spells:

 Your Spells              Type           Power        Failure   Level  Hunger
a - Corona                Hex            ##.....      4%          1    None
b - Ensorcelled Hibernat  Hex/Ice        ##....       9%          2    ##.....
c - Confuse               Hex            ##......     13%         3    ###....
d - Tukima's Dance        Hex            ##......     13%         3    ###....


Dungeon Overview and Level Annotations

Branches:
Dungeon (4/15)
 Temple: D:4-7

Altars:
Dithmenos

Annotations:
D:3 komo4ek's ghost, novice OpTm
D:4 letownia2's ghost, amateur GrFi


Innate Abilities, Weirdness & Mutations

You have a beak for a mouth.
You have claws for feet.
You can fly.


Message History

The adder resists with some effort.
The orc wizard gestures at you while chanting.
The puff of frost hits you! The adder barely misses you.
Unknown command.
Casting: Ensorcelled Hibernation
Confirm with . or Enter, or press ? or * to list all spells.
Aiming: Ensorcelled Hibernation
Press: ? - help, Shift-Dir - straight line, f/p - adder
Aim: an adder (chance to defeat MR: 50%)
You miscast Ensorcelled Hibernation.
You are very lightly contaminated with residual magic.
Nothing appears to happen.
The orc wizard misses you. The adder misses you.
As you read the scroll labeled QENLAE FESYR, it crumbles to dust.
It is a scroll of enchant armour.
Your pair of gloves glows green for a moment.
The adder bites you.
* * * LOW HITPOINT WARNING * * *
The orc wizard casts a spell at you. The puff of frost hits you!
You die...

#.......######...##.
##.......#..##...##.
#.......#........#.
#.......#........'.
##..(.#######+####.
##....## ##..###.
#......# ........
#..o...# ........
#.@Soo.# ........
####o.## ###.###.
.####.o#### #. #.
+..oo......# . #.
#...o......# # +.
######+##### #. ##.
#.. #..


You could see an orc priest, an orc wizard, an adder and 3 orcs.

Vanquished Creatures
  2 big kobolds
  A water moccasin skeleton (D:4)
  A hound (D:4)
  2 orc wizards (D:3)
  A worker ant (D:4)
  4 gnolls (D:3)
  3 adders (D:2)
  An ooze (D:2)
  A dart slug (D:1)
  3 worms
  12 orcs
  3 giant cockroaches
  4 goblins
  9 hobgoblins
  8 jackals
  A ball python skeleton (D:4)
  2 bats (D:3)
  5 frilled lizards
  16 kobolds
  5 rats
84 creatures vanquished.

Notes
Turn   | Place    | Note
-------+----------+-------------------------------------------
     0 | D:1      | mopl the Tengu Enchanter began the quest for the Orb.
     0 | D:1      | Reached XP level 1. HP: 10/10 MP: 4/4
    42 | D:1      | Reached XP level 2. HP: 15/15 MP: 6/6
    46 | D:1      | Learned a level 2 spell: Ensorcelled Hibernation
  1086 | D:2      | Reached XP level 3. HP: 10/19 MP: 0/7
  1097 | D:2      | Learned a level 3 spell: Confuse
  1484 | D:2      | Reached XP level 4. HP: 22/24 MP: 8/8
  1894 | D:3      | Reached skill level 1 in Ice Magic
  1968 | D:3      | Noticed komo4ek's ghost (novice OpTm)
  2029 | D:3      | Reached skill level 2 in Short Blades
  2029 | D:3      | Reached skill level 4 in Stealth
  2198 | D:3      | Gained mutation: You can fly. [Tengu growth]
  2198 | D:3      | Reached XP level 5. HP: 21/28 MP: 5/9
  2480 | D:3      | Reached skill level 3 in Hexes
  2734 | D:4      | Noticed letownia2's ghost (amateur GrFi)
  3299 | D:4      | Reached XP level 6. HP: 24/32 MP: 1/11
  3304 | D:4      | Learned a level 3 spell: Tukima's Dance
  3765 | D:4      | Found a shadowy altar of Dithmenos.
  3787 | D:4      | Became a worshipper of Dithmenos the Shadowed
  4120 | D:3      | Reached skill level 3 in Spellcasting
  4183 | D:4      | Reached skill level 5 in Stealth
  4253 | D:4      | Reached XP level 7. HP: 22/36 MP: 5/12
  4342 | D:4      | Killed from afar by an orc wizard

Skill      XL: |  1  2  3  4  5  6 |
---------------+-------------------+-----
Ice Magic      | 1 |  1.9
Short Blades   | 2 |  2.8
Stealth        | 4 5 |  5.0
Hexes          | 3 |  3.6
Spellcasting   | 3 |  3.1
Dodging        | |  2.1
Invocations    | |  0.7

Action                   |  1- 3 |  4- 6 |  7- 9 || total
-------------------------+-------+-------+-------++-------
Melee: Dagger            |    59 |   135 |     1 ||   195
       Kick              |     9 |    20 |     1 ||    30
       Peck              |    10 |    10 |       ||    20
 Cast: Corona            |     4 |       |       ||     4
       Ensorcelled Hiber |    12 |    33 |     3 ||    48
       Confuse           |       |     7 |       ||     7
 Abil: Fly               |       |     1 |       ||     1
  Use: Potion            |     1 |       |       ||     1
       Scroll            |       |     5 |     1 ||     6
 Stab: Sleeping          |    14 |    28 |       ||    42
  Eat: Chunk             |     1 |     5 |       ||     6
       Ration            |       |     3 |       ||     3
Armor: Robe              |     6 |    13 |       ||    19
Dodge: Dodged            |    37 |    78 |     8 ||   123
